 Dungeon Crawl Stone Soup version 0.23-a0-182-g58cdd98 (webtiles) character file.

683 mopl the Insei (level 7, 0/48 HPs)
             Began as a Barachi Transmuter on Sept 20, 2018.
             Was a Follower of Sif Muna.
             Succumbed to a scorpion's poison
             ... on level 5 of the Dungeon.
             The game lasted 00:06:55 (3348 turns).

mopl the Insei (Barachi Transmuter)                 Turns: 3348, Time: 00:06:55

Health: 0/48       AC:  5    Str: 18    XL:     7   Next: 61%
Magic:  12/13      EV: 12    Int: 13    God:    Sif Muna [*.....]
Gold:   174        SH:  0    Dex: 13    Spells: 4/14 levels left

rFire    . . .     SeeInvis .     - Unarmed
rCold    . . .     Gourm    .   (no shield)
rNeg     . . .     Faith    .   b - +0 robe
rPois    .         Spirit   .   B - +0 helmet
rElec    .         Reflect  .   (no cloak)
rCorr    .         Harm     .   (no gloves)
MR       .....                  x - +1 pair of boots {run}
Stlth    +.........             f - amulet of regeneration
HPRegen  0.56/turn              (no ring)
MPRegen  0.13/turn              (no ring)

@: mighty, lethally poisoned (0 -> -1)
A: +LOS, swims, slowness 1, strong legs 1
a: Hop, Divine Energy, Renounce Religion


You were on level 5 of the Dungeon.
You worshipped Sif Muna.
Sif Muna was aware of your devotion.
You were very hungry.

You visited 1 branch of the dungeon, and saw 5 of its levels.

You collected 174 gold pieces.

Inventory:

Hand Weapons
 y - a +0 hunting sling
Missiles
 a - 36 arrows
 c - 111 stones (quivered)
 m - 39 sling bullets
 z - 8 needles of confusion
Armour
 b - a +0 robe (worn)
 x - a +1 pair of boots of running (worn)
 B - a +0 helmet (worn)
Jewellery
 f - an amulet of regeneration (around neck)
Scrolls
 g - a scroll of random uselessness {unknown}
 j - 6 scrolls of remove curse
 l - 5 scrolls of teleportation {unknown}
 n - a scroll of enchant weapon {unknown}
 q - 2 scrolls of magic mapping {unknown}
 r - a scroll of fog {unknown}
 s - a scroll of immolation {unknown}
 w - 3 scrolls of fear {unknown}
 A - a scroll of enchant armour {unknown}
Potions
 e - 3 potions of heal wounds
 i - 2 potions of might
 k - 3 potions of resistance {unknown}
 o - a potion of magic
 p - a potion of flight
 t - a potion of invisibility
 u - 4 potions of curing {unknown}
 v - a potion of agility
Comestibles
 d - 10 rations


   Skills:
 - Level 1.2 Fighting
 - Level 2.1 Dodging
 * Level 6.6 Unarmed Combat
 + Level 4.2 Spellcasting
 + Level 4.5 Transmutations
 + Level 2.5 Ice Magic
 - Level 2.0 Poison Magic


You had 4 spell levels left.
You knew the following spells:

 Your Spells              Type           Power        Failure   Level  Hunger
a - Beastly Appendage     Tmut           ##....       3%          1    None
b - Spider Form           Tmut/Pois      ##........   16%         3    ###....
d - Ice Form              Ice/Tmut       ##......     43%         4    ####...
y - Sticks to Snakes      Tmut           ##......     4%          2    ##.....

Your spell library contained the following spells:

 Spells                   Type           Power        Failure   Level  Hunger
 Blade Hands              Tmut           ##........   65%         5    ######.


Dungeon Overview and Level Annotations

Branches:
Dungeon (5/15)
 Temple: D:4-7

Altars:
Fedhas
Hepliaklqana
Qazlal
Sif Muna
Trog
Wu Jian
Xom


Innate Abilities, Weirdness & Mutations

Shadows flee at your approach. (+LOS)
You can swim through water.
You cover ground slowly.
You can hop short distances.


Message History

You closely miss something.
You feel sick. Something hits you.
* * * LOW HITPOINT WARNING * * *
You barely miss something.
You feel sick. Something hits you but does no damage.
You closely miss something.
You feel sick. Something hits you.
* * * LOW HITPOINT WARNING * * *
You miss something.
You hear some strange, mumbled words.
A magic dart appears from out of thin air!
The magic dart hits you!
* * * LOW HITPOINT WARNING * * *
It was a potion of might.
You feel very mighty all of a sudden.
* * * LOW HITPOINT WARNING * * *
You feel sick. Sif Muna accepts your kill.
Reactivating autopickup.
You feel a bit more experienced.
You feel mightier all of a sudden.
You die...

##.....##
##.......##
#.........#
+.........+
#%........#
#.......# #.....#
#)))# #@# #.# #.#
##.## ##...##
#########.....#
........<....##
########.#.......
##>..######


There were no monsters in sight!

Vanquished Creatures
  2 ogres (D:4)
  A scorpion (D:5)
  5 orc wizards
  An orc priest (D:4)
  3 iguanas
  A worker ant (D:4)
  2 hound skeletons
  5 adders
  4 worms
  3 dart slugs
  2 leopard geckos
  15 orcs
  3 ball pythons
  2 giant cockroaches
  7 goblins
  11 hobgoblins
  3 jackals
  11 bats
  A frilled lizard (D:1)
  13 kobolds
  7 rats
102 creatures vanquished.

Notes
Turn   | Place    | Note
-------+----------+-------------------------------------------
     0 | D:1      | mopl the Barachi Transmuter began the quest for the Orb.
     0 | D:1      | Reached XP level 1. HP: 15/15 MP: 3/3
   247 | D:1      | Reached XP level 2. HP: 19/21 MP: 3/5
   255 | D:1      | Learned a level 2 spell: Sticks to Snakes
   604 | D:1      | Reached skill level 4 in Unarmed Combat
   604 | D:1      | Reached XP level 3. HP: 25/26 MP: 4/6
   609 | D:1      | Learned a level 3 spell: Spider Form
  1377 | D:2      | Found a bloodstained altar of Trog.
  1450 | D:2      | Found a faded altar of an unknown god.
  1743 | D:2      | Reached XP level 4. HP: 32/32 MP: 4/8
  1840 | D:3      | Reached skill level 3 in Transmutations
  1840 | D:3      | Reached skill level 1 in Poison Magic
  2028 | D:3      | Reached skill level 3 in Spellcasting
  2028 | D:3      | Reached XP level 5. HP: 22/37 MP: 3/9
  2057 | D:3      | Reached skill level 5 in Unarmed Combat
  2102 | D:3      | Identified a +1 pair of boots of running (You found it on
                  | level 3 of the Dungeon)
  2215 | D:3      | Found an ornate altar of the Wu Jian Council.
  2226 | D:3      | Found a stormy altar of Qazlal.
  2231 | D:3      | Found a blossoming altar of Fedhas.
  2479 | D:4      | Reached skill level 2 in Poison Magic
  2479 | D:4      | Reached XP level 6. HP: 27/43 MP: 3/10
  2560 | D:4      | Found a shimmering altar of Xom.
  2562 | D:4      | Found a hazy altar of Hepliaklqana.
  2564 | D:4      | Noticed a spectral ugly thing
  2598 | D:4      | Learned a level 4 spell: Ice Form
  2615 | D:4      | Reached skill level 1 in Ice Magic
  2624 | D:4      | Reached skill level 4 in Transmutations
  2652 | D:4      | Reached skill level 6 in Unarmed Combat
  2652 | D:4      | Reached XP level 7. HP: 39/48 MP: 6/12
  2681 | D:4      | Reached skill level 2 in Ice Magic
  2821 | D:4      | Reached skill level 4 in Spellcasting
  3234 | D:2      | Became a worshipper of Sif Muna the Loreminder
  3234 | D:2      | Reached * piety under Sif Muna
  3321 | D:5      | Entered Level 5 of the Dungeon
  3341 | D:5      | HP: 1/48 [something (2)]
  3346 | D:5      | HP: 1/48 [something/magic dart (7)]
  3348 | D:5      | Succumbed to a scorpion's poison

Vault maps used:
D:1:      sevenhm_arrival_forest_fort_small_5, serial_park_tiny_1,
          minmay_octomino_j4
D:2:      nicolae_overflow_crystal_walls, chequers_ecumenical_altar_grove,
          first_ration, st_stairs_4, minivault_4
D:3:      minitemple
D:4:      regret_index_temple_of_mockery
D:5:      minmay_temple_entry_from_below_b, serial_shops, kennysheep_mini,
          serial_park_tiny_2

Skill      XL: |  1  2  3  4  5  6  7 |
---------------+----------------------+-----
Unarmed Combat | 4 5 6 |  6.6
Transmutations | 3 4 |  4.5
Poison Magic   | 1 2 |  2.0
Spellcasting   | 3 4 |  4.2
Ice Magic      | 1 2 |  2.5
Fighting       | |  1.2
Dodging        | |  2.1

Action                   |  1- 3 |  4- 6 |  7- 9 || total
-------------------------+-------+-------+-------++-------
Melee: Unarmed           |   115 |   170 |    52 ||   337
       Kick              |     8 |       |       ||     8
       Headbutt          |     3 |       |     1 ||     4
       Punch             |     3 |     3 |     1 ||     7
 Cast: Beastly Appendage |    14 |       |     1 ||    15
       Spider Form       |     3 |    10 |     3 ||    16
  Use: Scroll            |       |     5 |     1 ||     6
       Potion            |       |       |     3 ||     3
 Stab: Sleeping          |     1 |     1 |     1 ||     3
  Eat: Chunk             |     4 |     5 |     1 ||    10
Armor: Robe              |    16 |    22 |     5 ||    43
       Skin              |     2 |     3 |       ||     5
Dodge: Dodged            |    74 |   141 |    26 ||   241

Table legend:
 A = Non-vault XP
 B = Vault XP
 C = Vault XP percentage of total XP
 D = Non-vault monster count
 E = Vault monster count
 F = Vault count percentage of total count
                 A         B        C        D         E       F
            +---------+---------+-------+---------+---------+-------
      Total |     967 |      10 |   1.0 |      96 |       6 |   5.9
            +---------+---------+-------+---------+---------+-------
        D:1 |      42 |       4 |   8.7 |      23 |       3 |  11.5
        D:2 |      34 |       6 |  15.0 |       9 |       3 |  25.0
        D:3 |     200 |       0 |   0.0 |      37 |       0 |   0.0
        D:4 |     540 |       0 |   0.0 |      21 |       0 |   0.0
        D:5 |     151 |       0 |   0.0 |       6 |       0 |   0.0
            +---------+---------+-------+---------+---------+-------
